 Dungeon Crawl Stone Soup version 0.26-b1-32-g5d43845318 (webtiles) character file.

Game seed: 17643616599432140636

5266 Borgoz the Basher (level 10, -2/63 HPs)
             Began as a Gargoyle Gladiator on Jan 10, 2021.
             Slain by a wolf (9 damage)
             ... led by Grum
             ... on level 9 of the Dungeon.
             The game lasted 00:14:06 (9224 turns).

Borgoz the Basher (Gargoyle Gladiator)              Turns: 9224, Time: 00:14:06

Health: -2/63      AC:  0    Str: 18    XL:     10   Next: 62%
Magic:  14/14      EV: 28    Int:  9    God:
Gold:   380        SH:  0    Dex: 19    Spells: 11/14 levels left

rFire    . . .     SeeInvis .   (weapon currently unavailable)
rCold    . . .     Faith    .   (shield currently unavailable)
rNeg     + . .     Spirit   .   (armour currently unavailable)
rPois    ∞         Reflect  .   (helmet currently unavailable)
rElec    .         Harm     .   (cloak currently unavailable)
rCorr    .         Rampage  .   (gloves currently unavailable)
Will     .....                  (boots currently unavailable)
Stlth    ++........             (no amulet)
HPRegen  0.20/turn              (ring currently unavailable)
MPRegen  0.14/turn              (ring currently unavailable)

@: bat-form, berserk cooldown, flying, slowed, quick
A: tiny, negative energy resistance 1, petrification resistance, miasma
immunity, AC +7
a: Stop Flying


You were on level 9 of the Dungeon.
You were in bat-form.
You visited 2 branches of the dungeon, and saw 10 of its levels.

You collected 380 gold pieces.

Inventory:

Hand Weapons
 A - a +0 whip of electrocution (melded)
Missiles
 d - 3 throwing nets (quivered)
Armour
 b - a +0 leather armour (melded)
 u - a +1 helmet (melded)
 y - a +1 pair of boots (melded)
 B - a scarf of resistance (melded)
Jewellery
 i - an uncursed ring of positive energy
 p - an uncursed amulet of reflection
 q - a ring of willpower (melded)
 F - a cursed ring of attention (melded)
Wands
 f - a wand of disintegration (25)
 r - a wand of flame (7)
 s - a wand of iceblast (7)
 G - a wand of random effects (7)
Scrolls
 c - 2 scrolls of remove curse
 g - a scroll of enchant armour
 n - a scroll of teleportation
 v - 2 scrolls of immolation {unknown}
 x - a scroll of enchant weapon
 z - a scroll of magic mapping {unknown}
 C - a scroll of fog {unknown}
 E - 2 scrolls of fear {unknown}
Potions
 a - a potion of ambrosia {unknown}
 e - a potion of cancellation
 h - 3 potions of might {unknown}
 j - a potion of invisibility {unknown}
 k - a potion of berserk rage
 m - a potion of lignification
 o - 2 potions of mutation
 t - 2 potions of brilliance
 w - a potion of haste {unknown}
 D - a potion of magic


   Skills:
 + Level 7.4 Fighting
 * Level 9.7 Maces & Flails
 - Level 1.7 Throwing
 * Level 8.2 Dodging
 + Level 2.9 Spellcasting
 + Level 3.0 Hexes


You had 11 spell levels left.
You knew the following spells:

 Your Spells              Type           Power        Failure   Level
a - Confusing Touch       Hex            6%           26%         3

Your spell library contained the following spells:

 Spells                   Type           Power        Failure   Level
 Magic Dart               Conj           4%           30%         1
 Gell's Gravitas          Tloc           0%           67%         3
 Petrify                  Tmut/Erth      1%           97%         4
 Metabolic Englaciation   Hex/Ice        2%           99%         5
 Yara's Violent Unravell  Hex/Tmut       2%           99%         5


Dungeon Overview and Level Annotations

Branches:
Dungeon (9/15)             Temple (1/1) D:6            Lair (0/6) D:8
    Orc (0/2) D:9

Altars:
Ashenzari
Cheibriados
Dithmenos
Elyvilon
Fedhas
Gozag
Hepliaklqana
Kikubaaqudgha
Makhleb
Nemelex Xobeh
Okawaru
Qazlal
Ru
Sif Muna
Trog
Uskayaw
Vehumet
Wu Jian
Xom
Yredelemnul
Zin
The Shining One

Shops:
D:7 (

Annotations:
D:9 Grum


Innate Abilities, Weirdness & Mutations

You are resistant to torment.
((Your stone body is resilient. (AC +7)))
You are immune to poison.
You resist negative energy. (rN+)
((You are resistant to electric shocks. (rElec)))
((You can survive without breathing.))
You are immune to petrification.
You are immune to miasma.


Message History

Your cursed ring of attention melds into your body.
Your ring of willpower melds into your body.
Your +0 whip of electrocution stops crackling.
You feel hot and cold all over. The wolf barely misses you.
Unknown command.
You feel a strong urge to attack something.
You are no longer berserk.
You are exhausted.
You feel yourself slow down. The wolf misses you.
The wolf completely misses you. The wolf completely misses you.
The wolf closely misses you.
The wolf howls!
You hear a shout!
The wolf misses you. The wolf completely misses you. The wolf bites you!
* * * LOW HITPOINT WARNING * * *
The wolf bites you!
You die...

##..................##...(.#
#....)..##.#.......#.......
######.###g##......#......#
#.........>............
#........##.............
#......h....#...........
#.....!.h##.............
#........h.............
#.........b..........#.
.........................
...........#........#..#
##...#####.).........# .#
#... #.##........# # #..
..##.####..## # .......
#..##..# ##..##.# #......#
#.###.....


You could see Grum and 3 wolves.

Vanquished Creatures
  A boulder beetle (D:7)
  Pikel (D:6)
  A hornet (D:7)
  Grinder (D:5)
  A yak (D:8)
  A wyvern (D:8)
  Eustachio (D:5)
  A basilisk (D:8)
  Menkaure (D:5)
  Duvessa (D:5)
  3 orc warriors
  A water moccasin (D:6)
  A sky beast (D:5)
  A phantom (D:4)
  An ice beast (D:6)
  3 ogres
  A black bear (D:8)
  4 centaurs
  3 lemures (D:6)
  A bullfrog (D:6)
  A big kobold (D:8)
  A gnoll sergeant (D:5)
  Dowan (D:5)
  A scorpion (D:4)
  6 wights
  A howler monkey (D:5)
  A bullfrog zombie (D:4)
  2 hounds
  2 jellies
  5 orc priests
  7 orc wizards
  A centaur skeleton (D:4)
  3 iguanas
  3 worker ants
  Natasha (thrice) (D:2)
  Robin (D:3)
  5 gnolls (D:5)
  A howler monkey skeleton (D:7)
  9 adders
  2 shadow imps
  3 white imps
  An ufetubus (D:8)
  An ooze (D:3)
  7 worms
  6 dart slugs
  2 leopard geckos
  25 orcs
  2 giant cockroaches
  11 goblins
  9 hobgoblins
  8 jackals
  4 quokkas
  2 ball pythons
  7 bats
  8 frilled lizards
  12 kobolds
  9 rats
202 creatures vanquished.

Vanquished Creatures (others)
  An orc (D:8)
  2 plants (D:1)
3 creatures vanquished.

Grand Total: 205 creatures vanquished

Notes
Turn   | Place    | Note
-------+----------+-------------------------------------------
     0 | D:1      | Borgoz the Gargoyle Gladiator began the quest for the Orb.
     0 | D:1      | Reached XP level 1. HP: 12/12 MP: 1/1
   194 | D:1      | Reached XP level 2. HP: 15/18 MP: 2/2
   805 | D:1      | Reached XP level 3. HP: 22/22 MP: 3/3
  1457 | D:2      | Reached XP level 4. HP: 20/27 MP: 4/4
  1677 | D:2      | Reached skill level 4 in Maces & Flails
  2011 | D:2      | Reached XP level 5. HP: 32/32 MP: 5/5
  2031 | D:2      | Noticed Natasha
  2041 | D:2      | Killed Natasha
  2273 | D:2      | Noticed Natasha
  2283 | D:2      | Killed Natasha
  2334 | D:2      | Noticed Natasha
  2357 | D:2      | Killed Natasha
  2728 | D:3      | Reached XP level 6. HP: 37/37 MP: 6/6
  2792 | D:3      | Noticed Robin
  2806 | D:3      | Killed Robin
  3202 | D:3      | Found a bloodstained altar of Trog.
  3682 | D:4      | Found a radiant altar of Vehumet.
  3683 | D:4      | Found an ancient bone altar of Kikubaaqudgha.
  3691 | D:4      | Reached skill level 5 in Maces & Flails
  3734 | D:4      | Reached XP level 7. HP: 25/43 MP: 7/7
  3770 | D:4      | Found a shimmering blue altar of Sif Muna.
  3775 | D:4      | Identified Vehumet's Catalogue of Battle Magic
  4366 | D:4      | Reached skill level 6 in Maces & Flails
  4366 | D:4      | Reached skill level 5 in Dodging
  4675 | D:5      | Entered Level 5 of the Dungeon
  5015 | D:5      | Noticed Grinder
  5042 | D:5      | Killed Grinder
  5043 | D:5      | Reached XP level 8. HP: 37/48 MP: 8/8
  5119 | D:5      | Noticed Menkaure
  5120 | D:5      | Noticed Eustachio
  5131 | D:6      | Noticed Pikel
  5141 | D:6      | Found a white marble altar of Elyvilon.
  5151 | D:6      | Found a staircase to the Ecumenical Temple.
  5216 | D:6      | Reached skill level 5 in Fighting
  5269 | D:6      | Killed Pikel
  5270 | D:6      | Reached skill level 7 in Maces & Flails
  5459 | D:6      | Reached XP level 9. HP: 55/55 MP: 9/9
  5472 | D:5      | Killed Eustachio
  5476 | D:5      | Killed Menkaure
  5477 | D:5      | Reached skill level 8 in Maces & Flails
  5636 | D:5      | Noticed Duvessa
  5636 | D:5      | Noticed Dowan
  5665 | D:5      | Killed Duvessa
  5680 | D:5      | Killed Dowan
  6163 | D:5      | Found a sparkling altar of Nemelex Xobeh.
  6545 | D:6      | Learned a level 3 spell: Confusing Touch
  7066 | Temple   | Entered the Ecumenical Temple
  7527 | D:6      | Reached skill level 1 in Spellcasting
  7527 | D:6      | Reached skill level 1 in Hexes
  7831 | D:7      | Noticed a boulder beetle
  7849 | D:7      | Killed a boulder beetle
  7850 | D:7      | Reached skill level 9 in Maces & Flails
  7850 | D:7      | Reached XP level 10. HP: 62/63 MP: 10/13
  7999 | D:7      | Found a broken altar of Ashenzari.
  7999 | D:7      | Found Diul's Antique Weapon Shop.
  8384 | D:8      | Found a staircase to the Lair.
  8711 | D:8      | Found a sacrificial altar of Ru.
  8711 | D:8      | Found an opulent altar of Gozag.
  8712 | D:8      | Found a shadowy altar of Dithmenos.
  9201 | D:9      | Noticed Grum
  9203 | D:9      | Found a staircase to the Orcish Mines.
  9224 | D:9      | Slain by a wolf

Illustrated notes

Levels and vault maps discovered:
D:1:      lightli_arrival_lavapool, layout_loops_ring, serial_bayou,
          serial_bayou_pond_d, serial_bayou_lake_a, serial_bayou_pond_e,
          serial_bayou_ford_a
D:2:      layout_rooms, minmay_ruptured, uniq_natasha
D:3:      layout_basic, grunt_ministairs_15, trog_butcher_becter, uniq_robin
D:4:      layout_loops_cross, grunt_temple_overflow_magic_moments,
          portal_sewer_entry_d
D:5:      layout_basic, marbit_many_paths, uniq_menkaure, uniq_eustachio,
          uniq_duvessa, uniq_grinder
D:6:      layout_loops_cross, minmay_temple_entry_waves, grunt_decor_fettered,
          elyvilon_altar_4, uniq_pikel
D:7:      layout_loops_ring, ashenzari_altar_1, serial_shops, shop
D:8:      layout_basic, gammafunk_temple_overflow_claw, david_lair_generic,
          serial_bayou_crossing
D:9:      layout_basic, david_orc_3, special_room [special_room_bee], uniq_grum
Temple:   dpeg_chambers_temple

Skill      XL: |  1  2  3  4  5  6  7  8  9 10 |
---------------+-------------------------------+-----
Dodging        | 3 4 5 6 7 8 |  8.2
Fighting       | 3 4 5 7 |  7.4
Maces & Flails | 4 5 6 7 9 |  9.7
Spellcasting   | 2 |  2.9
Hexes          | 2 3 |  3.0
Throwing       | |  1.7

Action                   |  1- 3 |  4- 6 |  7- 9 | 10-12 || total
-------------------------+-------+-------+-------+-------++-------
Melee: Flail             |   126 |    15 |       |       ||   141
       Mace              |       |   278 |   241 |       ||   519
       Whip              |       |       |   244 |   188 ||   432
Throw: Throwing net      |       |     1 |     2 |       ||     3
  Use: Scroll            |       |     7 |     4 |     2 ||    13
       Potion            |       |       |     1 |     8 ||     9
 Stab: Sleeping          |       |     1 |       |       ||     1
       Held in net/web   |       |       |     1 |       ||     1
Armor: Leather armour    |    59 |   129 |   146 |    41 ||   375
Dodge: Dodged            |   103 |   201 |   250 |   108 ||   662
Block: Other             |       |    62 |    76 |    20 ||   158
       Reflection        |       |     1 |     2 |     5 ||     8
